[Event "Late-Titled-Tuesday-Blitz-December-26-2023"]
[Site "Chess.com"]
[Date "2023.12.26"]
[Round "11"]
[White "Fh2411"]
[Black "NovakRatko"]
[Result "1-0"]
[WhiteElo "2534"]
[BlackElo "2431"]
[TimeControl "180+1"]
[EndTime "16:04:42 PST"]
[Termination "Fh2411 won on time"]

1. d4 d5 2. Nf3 c5 3. c3 cxd4 4. cxd4 Nc6 5. Nc3 f6 6. Bf4 Bg4 7. Qb3 Bxf3 8. exf3 Nxd4 9. Qa4+ Nc6 10. Rd1 d4 11.
Bb5 e5 12. Bxc6+ bxc6 13. Qxc6+ Kf7 14. Qc4+ Kg6 15. Bc1 Qc8 16. Qd3+ Qf5 17. Ne4 Bb4+ 18. Bd2 Bxd2+ 19. Rxd2 h5 20. h4 Kh6 21. Rc2 Ne7 22. Qd2+ Kh7 23. Rc7 Nd5 24. Rc5 Rhd8 25. O-O Nf4 26.
Rfc1 d3 27. Ng3 Qg6 28. Rc7 a5 29. b3 a4 30. b4 Rd4 31. a3 Ne2+ 32. Nxe2 dxe2 33.
Qxe2 Rxh4 34. Rd7 Rd4 35. Re7 h4 36. Rcc7 Rg8 37. Kh2 Rf4 38. Qe3 Qb1 39. Qa7 Qg6 40.
b5 Rf5 41. Qe3 Rg5 42. Qe4 Rxg2+ 43. Kh3 Qxe4 44. fxe4 Rxf2 45. b6 Rb2 46. b7 Kh6 47.
Kxh4 Kg6 48. Kg4 Rg2+ 49. Kf3 Rb2 50. Ke3 Rb6 51. Kd3 Kh6 52. Kc4 g6 53. Kc5 Rb3 54. Kc6 Rb8 55. Rc8 R8xb7 56. Rxb7 Rxa3 57. Rf7 Kg5 58. Rg8 Rc3+ 59. Kb5 Re3 60. Rfg7 Rxe4 61.
Rxg6+ Kf5 62. Rh6 Rd4 63. Rf8 1-0

[Event "Late-Titled-Tuesday-Blitz-December-26-2023"]
[Site "Chess.com"]
[Date "2023.12.26"]
[Round "11"]
[White "mbojan"]
[Black "GoltsevDmitry2000"]
[Result "1-0"]
[WhiteElo "2895"]
[BlackElo "2684"]
[TimeControl "180+1"]
[EndTime "16:04:44 PST"]
[Termination "mbojan won by checkmate"]

1. a3 g6 2. e4 Bg7 3. d4 d6 4. Nc3 Nf6 5. f4 O-O 6. Nf3 a6 7. e5 dxe5 8. fxe5 Nd5 9. Bc4 c6 10.
O-O b5 11. Bxd5 cxd5 12. Bg5 Nc6 13. Qd2 Bg4 14. h3 Bxf3 15. Rxf3 Qb6 16. Nxd5 Qxd4+ 17. Qxd4 Nxd4 18. Nxe7+ Kh8 19. Rf2 Bxe5 20. Re1 Bg7 21. c3 Ne6 22. Be3 Rad8 23. Nc6 Rd6 24. Nb4 f5 25.
Rd2 Rfd8 26. Rxd6 Rxd6 27. Kf1 Bf6 28. Ke2 f4 29. Bf2 Ng5 30. Rd1 Re6+ 31. Kf1 f3 32.
gxf3 Nxf3 33. Rd7 h5 34. Nd5 Be5 35. Kg2 Nd2 36. Ne3 Ne4 37. Bh4 g5 38. Be1 Bf4 39. Nd5 Nc5 40. Rd8+ Kh7 41. Bf2 Ne4 42. Bd4 Be5 43.
Be3 g4 44. hxg4 hxg4 45. Ra8 g3 46. Nb4 Rd6 47. Rxa6 Rd1 48. Re6 Re1 49. Kf3 g2 50. Kxg2 Rxe3 51. Rxe5 Kg6 52. Nd5 Re2+ 53. Kf3 Nxc3 54.
Rxe2 Nxd5 55. Re5 Nc7 56. Rc5 Ne6 57. Rc6 Kf5 58. Ke3 Ke5 59. Rxe6+ Kxe6 60. Kd4 Kd6 61. b4 Kc6 62. Ke5 Kb6 63. Kd5 Ka6 64. Kc5 Ka7 65.
Kxb5 Kb7 66. Kc5 Ka7 67. a4 Kb7 68. a5 Ka6 69. b5+ Kxa5 70. b6 Ka6 71. Kc6 Ka5 72.
b7 Kb4 73. b8=Q+ Kc4 74. Qb5+ Kd4 75. Qd5+ Ke3 76. Kc5 Ke2 77. Qd4 Kf3 78. Qe5 Kg4 79. Qf6 Kg3 80. Qf5 Kg2 81. Qf4 Kh3 82. Qg5 Kh2 83.
Qg4 Kh1 84. Kd4 Kh2 85. Ke3 Kh1 86. Kf2 Kh2 87. Qh4# 1-0

[Event "Late-Titled-Tuesday-Blitz-December-26-2023"]
[Site "Chess.com"]
[Date "2023.12.26"]
[Round "11"]
[White "TST2014"]
[Black "BardArtem"]
[Result "1-0"]
[WhiteElo "2637"]
[BlackElo "2671"]
[TimeControl "180+1"]
[EndTime "16:04:58 PST"]
[Termination "TST2014 won by checkmate"]

1. d4 d5 2. c4 c6 3. Nf3 Nf6 4. Qc2 e6 5. g3 Nbd7 6. Bg2 dxc4 7. Qxc4 Bd6 8. Nc3 O-O 9. O-O e5 10. e4 exd4 11. Qxd4 Bc5 12. Qc4 Re8 13. e5 Nd5 14. Nxd5 cxd5 15. Qxd5 Qe7 16. Bf4 Nb6 17. Qe4 h6 18. a3 Be6 19. b4 Bd5 20. Qf5 Bxf3 21. Bxf3 Bd4 22. Rad1 Bxe5 23. Rfe1 f6 24. Be4 g5 25. Bxe5 fxe5 26. Bd5+ Kg7 27. Be4 Kg8 28.
Qg6+ Qg7 29. Rd6 Rad8 30. Qxg7+ Kxg7 31. Rg6+ Kf7 32. Rxh6 Re7 33. Rh7+ Kf6 34. Rxe7 Kxe7 35. Bxb7 Kf6 36. Rc1 Rd3 37. a4 Nxa4 38. Rc6+ Ke7 39.
Ra6 Nc3 40. Rxa7 Kd6 41. Ba6 Rd1+ 42. Kg2 Ra1 43. Rg7 e4 44. b5 Kc5 45. Rxg5+ Kd4 46. h4 Ra2 47. Kg1 Nd1 48. Rf5 e3 49. fxe3+ Nxe3 50. Rf4+ Ke5 51. Bb7 Nf5 52. Rf3 Nd4 53. Re3+ Kf5 54.
b6 Ne2+ 55. Kf1 Nd4 56. Bc8+ Kf6 57. b7 Rb2 58. g4 Kf7 59. h5 Kg7 60. g5 Kf7 61.
Rd3 Nc6 62. Rd7+ Ke8 63. h6 Ne5 64. h7 Ng6 65. Rg7 Nh8 66. Rg8+ Kf7 67. Rxh8 Rb1+ 68. Kf2 Kg7 69. Rd8 Kxh7 70. b8=Q Rb6 71. Bf5+ Kg7 72. Qc7# 1-0

[Event "Late-Titled-Tuesday-Blitz-December-26-2023"]
[Site "Chess.com"]
[Date "2023.12.26"]
[Round "11"]
[White "Pertinhez76"]
[Black "cthulhuuu"]
[Result "1-0"]
[WhiteElo "2130"]
[BlackElo "2429"]
[TimeControl "180+1"]
[EndTime "16:04:58 PST"]
[Termination "Pertinhez76 won on time"]

1. d4 Nf6 2. Nf3 g6 3. c4 Bg7 4.
Nc3 O-O 5. e4 d6 6. Be2 e5 7.
dxe5 dxe5 8. Qxd8 Rxd8 9. Bg5 c6 10. Nxe5 Re8 11. O-O-O Na6 12. f4 Nc5 13. Bf3 Ne6 14.
h4 h6 15. Bxf6 Bxf6 16. Nd3 Nd4 17. h5 g5 18. e5 Be7 19. Rhg1 Be6 20. b3 gxf4 21.
g3 fxg3 22. Rxg3+ Bg5+ 23. Kb2 Nxf3 24. Rxf3 Bg4 25. Rdf1 Bxf3 26. Rxf3 Rad8 27. Ne4 Kg7 28. Kc3 Rxd3+ 29. Kxd3 Rxe5 30. c5 f5 31. Nd6 Kf6 32. b4 a5 33. a3 axb4 34. axb4 b6 35. Kd4 Rd5+ 36. Kc4 b5+ 37. Nxb5 Rd1 38. Nd4 Rc1+ 39. Kd3 Rd1+ 40. Kc3 f4 41. Nxc6 Kf5 42. b5 Rc1+ 43. Kb4 Kg4 44. Ne5+ Kf5 45. Ng6 Ke4 46. Rf2 f3 47. b6 Be3 48. Rb2 Bxc5+ 49. Kb5 f2 50. Rxf2 Bxf2 51. b7 Rb1+ 52. Kc6 Bg3 53. Ne7 Kf4 54.
Ng6+ Kg5 55. Ne7 Kxh5 56. Nd5 Kg4 57. Ne3+ Kf3 58. Nf5 Bf4 59. Nxh6 Bxh6 60. Kc7 Bf4+ 61. Kc8 Ke4 62. b8=Q Rb7 63. Qxb7+ Ke3 64. Qf7 Kf3 65. Kd7 Ke4 66. Ke6 Ke3 67. Kf5 Bg3 68. Qd5 Bf2 69.
Qe4+ Kd2 70. Kg4 Be3 71. Kf3 Bc5 72. Qd5+ Bd4 73. Qxd4+ Kc2 74. Ke2 Kb1 75. Qc3 Ka2 76. Qb4 Ka1 77. Kd2 1-0

[Event "Late-Titled-Tuesday-Blitz-December-26-2023"]
[Site "Chess.com"]
[Date "2023.12.26"]
[Round "11"]
[White "yaguigor"]
[Black "aksuliini1"]
[Result "0-1"]
[WhiteElo "2574"]
[BlackElo "2504"]
[TimeControl "180+1"]
[EndTime "16:05:08 PST"]
[Termination "aksuliini1 won on time"]

1. e4 c6 2. d4 d5 3. e5 Bf5 4. h4 h5 5. Bd3 Bxd3 6. Qxd3 Qa5+ 7.
Nd2 e6 8. Nf3 Nh6 9. O-O Nf5 10.
c4 Be7 11. g3 O-O 12. a3 Rd8 13.
c5 Qa6 14. Qc2 Nd7 15. b4 b5 16. Nb3 Qb7 17. Na5 Qc7 18. Bg5 Nf8 19. Bxe7 Nxe7 20. Ng5 Nf5 21. Qd3 f6 22. exf6 gxf6 23. Nh3 Kf7 24. Nf4 Ng6 25. Nxg6 Kxg6 26. Rfe1 Kf7 27.
Re2 Rg8 28. Kf1 Nxh4 29. Qh7+ Rg7 30. Qxh5+ Ng6 31. f4 Rh8 32. Qf3 Rh3 33. Rae1 Nf8 34. Rg2 Rh1+ 35. Kf2 Rxe1 36. Kxe1 Ke7 37. Rh2 e5 38. fxe5 fxe5 39. dxe5 Nd7 40. Re2 Rg5 41. Qf4 Rxe5 42. Nxc6+ Qxc6 43. Rxe5+ Nxe5 44. Qxe5+ Kf7 45.
Ke2 Qg6 46. Qxd5+ Ke8 47. Qa8+ Ke7 48. Qxa7+ Ke8 49. Qb8+ Kf7 50. Qf4+ Kg8 51. Qb8+ Kf7 52. Qc7+ Kg8 53. Qd8+ Kf7 54. Qd7+ Kg8 55. Qd3 Qe6+ 56. Kf3 Qa2 57. c6 Qf7+ 58. Kg2 Qf6 59. c7 Qc6+ 60. Qf3 Qxc7 61. Qd5+ Kg7 62. Qxb5 Qc2+ 63. Kf3 Qd1+ 64.
Qe2 Qb3+ 65. Kf4 Qxa3 66. Qe5+ Kf7 67. Qd5+ Kg7 68. Qg5+ Kf7 69. Qf5+ Kg7 70. Qe4 Qc1+ 71. Kg4 Qd1+ 72. Kg5 Qd8+ 73. Kg4 Qd7+ 74. Kf4 Qd2+ 75. Kg4 Qd1+ 76. Kh4 Qd8+ 77. Kh3 Qd7+ 0-1

[Event "Late-Titled-Tuesday-Blitz-December-26-2023"]
[Site "Chess.com"]
[Date "2023.12.26"]
[Round "11"]
[White "katharinareinecke"]
[Black "MikeSailer"]
[Result "0-1"]
[WhiteElo "2018"]
[BlackElo "2198"]
[TimeControl "180+1"]
[EndTime "16:05:16 PST"]
[Termination "MikeSailer won on time"]

1. e4 d5 2. d3 dxe4 3. dxe4 Qxd1+ 4.
Kxd1 e5 5. Bc4 Bc5 6. f3 Nc6 7. Ne2 Be6 8. Bxe6 fxe6 9. c3 O-O-O+ 10. Kc2 a6 11. b4 Ba7 12. a4 Kb8 13. b5 axb5 14.
axb5 Nce7 15. Ba3 Nc8 16. Nd2 Nf6 17. Nc4 Nd7 18. Rhd1 Ncb6 19. Nxb6 Bxb6 20. Rd3 Nf6 21. Rad1 Rxd3 22. Rxd3 Kc8 23. c4 Bf2 24. c5 Rd8 25.
Rxd8+ Kxd8 26. Kd3 c6 27. bxc6 bxc6 28. Kc4 Kc7 29.
Nc1 h5 30. Nd3 Bd4 31. Bb2 Bxb2 32. Nxb2 Nd7 33. Nd3 Kb7 34. Kb4 Ka6 35. Ka4 Kb7 36. Ka5 Ka7 37. Kb4 Ka6 38. Kc4 Ka5 39. Nb4 Nb8 40.
g4 g6 41. gxh5 gxh5 42. Nd3 Nd7 43. Nb4 Nb8 44. Nd3 Nd7 45. Nf2 Ka4 46. Nh3 Nf6 47. Ng5 Ka3 48. Nxe6 Kb2 49. Nd8 Kc2 50. Nxc6 Kd2 51.
Nxe5 Ke3 52. c6 Ne8 53. Kd5 Kf4 54. h4 Kg3 55. Ng6 Kxf3 56. e5 Kg4 57. e6 Kf5 58. Ne7+ Kg4 59. Ng8 Kxh4 60. e7 Kg5 61. Ke6 Kg6 62. Kd7 Kf7 63. Nh6+ Kg6 64. Ng8 h4 65. c7 h3 66. Kxe8 h2 67. c8=Q h1=Q 68. Qg4+ Kh7 69.
Qf5+ Kg7 70. Qf8+ Kg6 71. Qf7+ Kg5 72. Qg7+ Kf5 73. Nh6+ Ke6 74. Qg6+ Kd5 75. Qf5+ Kd6 76. Qf4+ Ke6 77. Qe3+ Kd6 78. Qd4+ Ke6 79. Qe3+ Kd6 80.
Nf5+ Kc7 0-1

[Event "Late-Titled-Tuesday-Blitz-December-26-2023"]
[Site "Chess.com"]
[Date "2023.12.26"]
[Round "11"]
[White "Jospem"]
[Black "Shankland"]
[Result "1-0"]
[WhiteElo "3085"]
[BlackElo "2987"]
[TimeControl "180+1"]
[EndTime "16:05:19 PST"]
[Termination "Jospem won by resignation"]

1. e4 c5 2. Nf3 d6 3. c3 Nf6 4. h3 Nc6 5. Bd3 g6 6. Bc2 e5 7. d3 Bg7 8. Bg5 h6 9. Bxf6 Bxf6 10.
Nbd2 O-O 11. Bb3 Kg7 12. Nf1 Be6 13. Ne3 Qd7 14. Bd5 Bxd5 15. Nxd5 Bd8 16. Qb3 f5 17. Ne3 f4 18. Nd5 Ne7 19. Nxe7 Qxe7 20. Qd5 Rf6 21. a4 Qf7 22. Ke2 Rc8 23. Nd2 b6 24. Qxf7+ Kxf7 25. b4 cxb4 26. cxb4 Ke6 27. Rhc1 Rxc1 28. Rxc1 Kd7 29.
Nb1 h5 30. Nc3 g5 31. Nd5 Rg6 32.
b5 g4 33. hxg4 Rxg4 34. Kf3 Rg8 35. Rc6 h4 36. Rc1 Rh8 37. Rh1 Rg8 38. d4 exd4 39. Rd1 Bg5 40. Rxd4 Rc8 41. Kg4 Rg8 42. Rd1 Ke6 43.
Nc7+ Kd7 44. Nd5 Ke6 45. Kf3 Rc8 46. a5 bxa5 47. Ra1 Bd8 48. Nxf4+ Kd7 49. Nd5 Rc5 50. Rb1 a4 51. Ra1 Rxb5 52. Rxa4 a5 53. Ra2 Ke6 54. Kg4 Ke5 55. f4+ Kd4 56. Rd2+ Kc4 57. f5 a4 58. f6 Rxd5 59. Rxd5 Bxf6 60. Rxd6 Bc3 61. Ra6 Kb5 62. Ra8 Ba5 63. e5 a3 64. e6 Bb4 65.
Rb8+ Kc4 66. Rxb4+ Kxb4 67. e7 a2 68. e8=Q a1=Q 69.
Qe7+ Kb5 70. Qd7+ Kb6 71. Qd6+ Kb5 72. Qd5+ Kb6 73. Qe6+ Kc5 74. Qf5+ Kd6 75. Qf8+ Kd7 76. Qf7+ Kd6 77. Qf4+ Ke6 78. Qh6+ Kf7 79. Qh7+ Kf8 80. Qh6+ Kf7 81. Qh5+ Kf8 82. Qf5+ Kg7 83. Kxh4 Qh1+ 84.
Qh3 Qc1 85. Qg4+ Kf6 86. Qf3+ Kg6 87. Qe4+ Kf6 88. Qd4+ Kf7 89. Qd5+ Kf6 90. Qd6+ Kf7 91. Kg4 Qc4+ 92. Qf4+ 1-0

[Event "Late-Titled-Tuesday-Blitz-December-26-2023"]
[Site "Chess.com"]
[Date "2023.12.26"]
[Round "11"]
[White "IngOscarArdila"]
[Black "TheMagician"]
[Result "1-0"]
[WhiteElo "2318"]
[BlackElo "2179"]
[TimeControl "180+1"]
[EndTime "16:05:27 PST"]
[Termination "IngOscarArdila won on time"]

1. a3 g6 2. h3 Bg7 3. d3 b6 4.
Nd2 Bb7 5. e4 d6 6. Be2 e6 7.
Ngf3 Ne7 8. O-O Nd7 9. c3 O-O 10. Qc2 a6 11. b4 h6 12. Bb2 d5 13. Rfd1 c5 14. Rac1 Rc8 15. c4 d4 16. Nf1 e5 17.
Rb1 f5 18. Ng3 f4 19. Nf1 Bc6 20. Bc1 g5 21. a4 Nf6 22. b5 axb5 23. axb5 Bd7 24.
N1h2 Ng6 25. Ra1 Rf7 26. Bb2 Bf8 27. Ra7 Rc7 28. Rda1 Rxa7 29. Rxa7 Bc8 30. Qa4 Rxa7 31. Qxa7 Bd6 32. Ne1 Qc7 33. Qa8 Kg7 34. Ng4 Qb7 35. Qa4 Ne8 36. Bc1 Bb8 37. Nf3 h5 38. Ngh2 Kh6 39. g4 h4 40. Kg2 Qa7 41. Qxa7 Bxa7 42. Bd2 Bb8 43. Kf1 Nf6 44. Ne1 Nd7 45. f3 Ngf8 46. Kf2 Ne6 47. Nf1 Nc7 48. Bd1 Nf6 49. Bc2 Bd7 50. Bc1 Nxb5 51. cxb5 Bxb5 52. Bb3 Ne8 53.
Nd2 Ba6 54. Ba3 Kg6 55. Bc4 b5 56. Bd5 b4 57. Bb2 Nc7 58. Bc4 Bb7 59. Nc2 Ne6 60.
Na1 Kf6 61. Nab3 Bd6 62. Bxe6 Kxe6 63. Nc4 Be7 64. Nba5 Ba6 65. Ke2 Bb5 66. Kd2 Ba4 67.
Nb6 Bb5 68. Kc2 Bd8 69. Nbc4 Bxa5 70. Nxa5 Ba4+ 71. Kd2 Bb5 72. Nb3 Kd6 73. Na5 Kc7 74. Bc1 Kb6 75. Nb3 Ba4 76. Na1 Kb5 77. Bb2 c4 78.
dxc4+ Kxc4 79. Ke2 d3+ 80. Kd2 Bc6 81. Bxe5 b3 82. Bf6 Bb7 83. Nxb3 Kxb3 84. Bxg5 Kc4 85. Bxf4 Kd4 86. Bg5 1-0

[Event "Late-Titled-Tuesday-Blitz-December-26-2023"]
[Site "Chess.com"]
[Date "2023.12.26"]
[Round "11"]
[White "HajiyevKanan"]
[Black "Rodalquilar"]
[Result "1-0"]
[WhiteElo "2651"]
[BlackElo "2743"]
[TimeControl "180+1"]
[EndTime "16:05:50 PST"]
[Termination "HajiyevKanan won by checkmate"]

1. d4 d5 2. Nf3 Nf6 3. c4 e6 4. cxd5 exd5 5. Nc3 a6 6. Qc2 Be6 7.
Bg5 Nbd7 8. e3 Bd6 9. Bd3 c6 10. O-O Qc7 11. Rfc1 h6 12. Bh4 O-O 13. Rab1 Bg4 14.
Bg3 Bxg3 15. hxg3 Qd6 16. Ne2 a5 17. Nf4 Rfe8 18. b3 Re7 19. Nh2 Nf8 20. Nxg4 Nxg4 21. Bf5 Nf6 22. Qc5 Qd8 23. a3 g6 24. Bd3 g5 25. Ne2 N8d7 26. Qc2 Ne4 27. Nc3 Nd6 28.
Na4 Nf6 29. Nc5 Kg7 30. Bf5 h5 31. Re1 Nfe4 32. Bxe4 Nxe4 33. b4 axb4 34. axb4 h4 35.
gxh4 gxh4 36. Qe2 Nxc5 37. bxc5 Qd7 38. Qh5 Rh8 39. Qg5+ Kf8 40. Ra1 Re8 41. Ra7 h3 42. g3 h2+ 43. Kh1 Qe6 44. Qf4 Re7 45.
Ra8+ Re8 46. Rea1 Kg7 47. Qg5+ Kh7 48. Rxe8 Rxe8 49. Kxh2 Rg8 50. Qf4 Rg6 51. Rh1 Rf6 52. Kg1+ Kg7 53. Qh4 Kf8 54. Qh8+ Ke7 55. Qh4 Qf5 56.
Qf4 Qb1+ 57. Kg2 Qd3 58. Qc7+ Ke6 59. Qe5+ Kd7 60. Rh8 Qe4+ 61. Qxe4 dxe4 62. Rh4 Re6 63. Rf4 f6 64. g4 Ke7 65. Kg3 Kf7 66. Rf5 Kg6 67.
Kf4 Re8 68. Rh5 Re7 69. Rh8 Rf7 70. Re8 f5 71. g5 Kh5 72. Rh8+ Kg6 73. Rh6+ Kg7 74.
Re6 Rd7 75. Kxf5 Rf7+ 76. Rf6 Re7 77. Rg6+ Kh7 78. Rd6 Rf7+ 79. Rf6 Re7 80. Kf4 Kg7 81. Kg4 Rd7 82. Kf5 Re7 83. Re6 Rf7+ 84. Kxe4 Rxf2 85.
Re7+ Kg6 86. Rxb7 Kxg5 87. Rc7 Rf6 88. Rd7 Re6+ 89. Kd3 Kg4 90. Rd6 Re8 91. Rxc6 Kg3 92. Rf6 Ra8 93. d5 Ra4 94. d6 Ra6 95. Kd4 Ra4+ 96.
Kd5 Ra5 97. e4 Ra6 98. e5 Kg4 99. e6 Kg5 100. Rf7 Kg6 101. Rf8 Ra3 102. e7 Rd3+ 103. Kc6 Kg7 104. e8=Q Re3 105. Rf7+ Kg6 106. Qg8+ Kh6 107. Rh7# 1-0